 Dungeon Crawl Stone Soup version 0.29-a0-557-g43b9904bd1 (webtiles) character file.

Game seed: 8254115653517223592

4878 Hubris850 the Magician (level 10, 0/69 HPs)
             Began as a Black Draconian Earth Elementalist on June 7, 2022.
             Slain by a killer bee (8 damage)
             ... on level 8 of the Dungeon on June 8, 2022.
             The game lasted 00:31:50 (9028 turns).

Hubris850 the Magician (DrEE)                       Turns: 9028, Time: 00:31:50

Health: 0/69       AC: 18    Str: 10    XL:     10   Next: 26%
Magic:  20/21      EV: 16    Int: 22    God:
Gold:   386        SH:  0    Dex: 18    Spells: 15/24 levels left

rFire   . . .      SeeInvis .   i - +2 dagger (elec)
rCold   . . .      Faith    .   (no shield)
rNeg    . . .      Spirit   .   (body armour unavailable)
rPois   .          Reflect  .   (helmet restricted)
rElec   +          Harm     +   C - +2 cloak
rCorr   .          Rampage  .   r - +1 pair of gloves
Will    .....      Clarity  +   I - +1 pair of boots
Stlth   +++.......              q - amulet "Tihuli" {RegenMP Harm}
HPRegen 0.00/turn               J - +4 ring of protection
MPRegen 0.57/turn               K - +6 ring of dexterity

@: lethally poisoned (0 -> -2), inhibited regen
A: breathe lightning, AC +7, unfitting armour, electricity resistance,
cold-blooded, talons 1, clarity, clever 1, inhibited regeneration
a: Breathe Lightning


You were on level 8 of the Dungeon.
You visited 2 branches of the dungeon, and saw 9 of its levels.
You also visited: Ossuary.

You collected 722 gold pieces.
You spent 336 gold pieces at shops.

Inventory:

Hand Weapons
 e - a +0 vampiric mace
 i - a +2 dagger of electrocution (weapon)
 F - a +0 arbalest
Missiles
 a - 238 stones
 h - 10 poisoned darts
 D - 6 silver javelins
 E - 8 javelins
 N - 5 boomerangs
Armour
 k - a +0 pair of boots
 r - a +1 pair of gloves (worn)
 t - a +1 cloak
 C - a +2 cloak (worn)
 I - a +1 pair of boots (worn)
Jewellery
 q - the amulet "Tihuli" (around neck) {RegenMP Harm}
   (You acquired it on level 7 of the Dungeon)

   [amulet of magic regeneration]

   It increases your rate of magic regeneration.
   Harm:      It increases damage dealt and taken.
 z - a ring of protection from fire
 A - a ring of fire
 J - a +4 ring of protection (left hand)
 K - a +6 ring of dexterity (right hand)
Wands
 g - a wand of polymorph (30)
Scrolls
 d - 2 scrolls of vulnerability
 s - 2 scrolls of poison
 u - 6 scrolls of immolation
 w - a scroll of amnesia
 x - a scroll of identify
 y - 2 scrolls of teleportation
 L - a scroll of magic mapping
Potions
 b - 3 potions of magic
 c - 2 potions of lignification
 f - 2 potions of attraction
 j - a potion of ambrosia
 l - 2 potions of resistance
 m - 5 potions of haste
 n - 2 potions of flight
 o - a potion of brilliance
 p - a potion of curing
 v - 2 potions of mutation
 B - a potion of might
 H - a potion of berserk rage


   Skills:
 - Level 7.0 Dodging
 - Level 4.0 Stealth
 + Level 7.6 Spellcasting
 + Level 5.0 Conjurations
 + Level 3.6 Transmutations
 - Level 7.4 Air Magic
 - Level 4.0 Earth Magic


You had 15 spell levels left.
You knew the following spells:

 Your Spells              Type           Power      Damage    Failure   Level
a - Sandblast             Erth           52%        2d12      1%          1
b - Passwall              Tmut/Erth      20%        N/A       2%          2
c - Stone Arrow           Conj/Erth      56%        3d10      3%          3
d - Mephitic Cloud        Conj/Pois/Air  26%        N/A       4%          3

Your spell library contained the following spells:

 Spells                   Type           Power      Damage    Failure   Level
 Poisonous Vapours        Pois/Air       48%        N/A       2%          2
 Freeze                   Ice            32%        1d5       8%          1
 Summon Small Mammal      Summ           32%        N/A       8%          1
 Ignite Poison            Fire/Tmut/Pois 13%        N/A       14%         3
 Petrify                  Tmut/Erth      25%        N/A       16%         4
 Summon Lightning Spire   Summ/Air       24%        N/A       17%         4
 Call Canine Familiar     Summ           8%         N/A       24%         3
 Frozen Ramparts          Ice            16%        1d3       24%         3
 Summon Guardian Golem    Hex/Summ       8%         N/A       24%         3
 Hailstorm                Conj/Ice       19%        3d6       26%         4
 Freezing Cloud           Conj/Ice/Air   13%        6-21      36%         5
 Metabolic Englaciation   Hex/Ice        4%         N/A       91%         5
 Statue Form              Tmut/Erth      16%        N/A       94%         6
 Storm Form               Tmut/Air       16%        N/A       100%        7


Dungeon Overview and Level Annotations

Branches:
Dungeon (8/15)             Temple (1/1) D:5            Lair (0/6) D:8
Ossuary (visited)

Altars:
Cheibriados
Dithmenos
Elyvilon
Fedhas
Gozag
Hepliaklqana
Kikubaaqudgha
Makhleb
Nemelex Xobeh
Okawaru
Qazlal
Ru
Sif Muna
Trog
Uskayaw
Vehumet
Wu Jian
Xom
Yredelemnul
Zin
The Shining One

Shops:
D:3 =   D:4 *(:*   D:5 [

Annotations:
D:3 3 runed translucent doors, royokou's ghost, amateur MeEE


Innate Abilities, Weirdness & Mutations

You can breathe wild blasts of lightning.
Your glossy black scales are hard. (AC +7)
You cannot fit into any form of body armour.
You are resistant to electric shocks. (rElec)
You are cold-blooded and may be slowed by cold attacks.
You have sharp toenails.
You possess an exceptional clarity of mind.
Your mind is acute. (Int +2)
You do not regenerate when monsters are visible.


Message History

You kill the water moccasin!
You feel very sick.
The killer bee stings you but does no damage. x2
The killer bee closely misses you. The killer bee misses you.
Your Conjurations skill increases to level 5!
Okay, then.
Unknown command.
You hit the killer bee.
Lightning courses through the killer bee!!
You kill the killer bee!
You feel very sick. The killer bee closely misses you.
The killer bee stings you but does no damage.
You closely miss the killer bee.
You tail-slap the killer bee, but do no damage.
You feel sick. The killer bee misses you. The killer bee barely misses you.
You feel a genetic drift.
Your thoughts seem clearer.
You no longer feel a hidden potential within.
You miss the killer bee. You tail-slap the killer bee.
The killer bee is lightly wounded.
You feel sick. The killer bee stings you.
* * * LOW HITPOINT WARNING * * *
The killer bee stings you but does no damage.
You hit the killer bee. You tail-slap the killer bee.
The killer bee is heavily wounded.
You feel sick. The killer bee misses you. x2
You barely miss the killer bee.
The killer bee is heavily wounded.
You feel sick.
The killer bee stings you but does no damage. x2
You miss the killer bee.
The killer bee is heavily wounded.
You feel sick. The killer bee barely misses you.
The killer bee stings you but does no damage.
You closely miss the killer bee.
The killer bee is heavily wounded.
You have got your breath back.
You feel sick. The killer bee misses you. The killer bee stings you!
You die...

.........)))...P.P.P...#
.........).†.....P....#
#...........)P.P.....'
#....†.......P.......# #
#.........P.P......... #
#....P......†....####. #
#..........P.....# #
#...)÷...........# #
#...........@y...# #
#..........†††...# #
#................#
#####................#
........####.....#'###
...>....+ #.....#..
.....>..# #.....#...
).....<.# #.....#....
..[.....#


You could see a killer bee.

Vanquished Creatures
  A komodo dragon (D:8)
  8 yaks
  A steam dragon (D:7)
  Menkaure (D:7)
  5 water moccasins
  2 black bears (D:8)
  An ice beast (D:6)
  A sky beast (D:7)
  An ogre (D:6)
  3 centaurs
  3 elf zombies (Ossuary)
  9 bullfrogs
  A scorpion (D:7)
  5 wights
  4 killer bees (D:8)
  A howler monkey (D:8)
  A centaur zombie (Ossuary)
  An orc priest (D:5)
  2 human zombies (Ossuary)
  A hound (D:5)
  A gnoll shaman (D:8)
  2 jellies
  An iguana (D:5)
  A hell rat (D:7)
  An orc wizard (D:8)
  3 mummies
  3 gnolls (D:8)
  13 river rats (D:7)
  9 adders
  2 shadow imps
  A white imp (D:5)
  An ufetubus (D:6)
  3 dart slugs
  5 orcs
  10 ball pythons
  10 bats
  6 endoplasms
  A giant cockroach (D:1)
  3 gnoll zombies (Ossuary)
  4 goblins
  2 hobgoblins
  6 jackals
  11 kobolds
  6 quokkas
  A frilled lizard (D:2)
  4 goblin zombies (Ossuary)
  A hobgoblin zombie (D:4)
  2 kobold zombies (D:4)
  2 orc zombies
  24 rats
191 creatures vanquished.

Vanquished Creatures (others)
  A frilled lizard (D:2)
  40 fungi
  43 plants
84 creatures vanquished.

Grand Total: 275 creatures vanquished

Notes
Turn   | Place    | Note
-------+----------+-------------------------------------------
     0 | D:1      | Hubris850 the Draconian Earth Elementalist began the quest
                  | for the Orb.
     0 | D:1      | Reached XP level 1. HP: 14/14 MP: 3/3
   294 | D:1      | Reached XP level 2. HP: 20/20 MP: 5/5
   733 | D:1      | Found a faded altar of an unknown god.
  1177 | D:2      | Learned a level 2 spell: Passwall
  1198 | D:2      | Reached XP level 3. HP: 26/26 MP: 2/6
  1609 | D:2      | Reached XP level 4. HP: 33/33 MP: 5/7
  1618 | D:2      | Learned a level 3 spell: Stone Arrow
  2092 | D:3      | Found a runed translucent gate.
  2092 | D:3      | Found a runed translucent gate.
  2092 | D:3      | Found a runed translucent gate.
  2111 | D:3      | Noticed royokou's ghost (amateur MeEE)
  2270 | D:3      | Found Jympixzath's Jewellery Shoppe.
  2858 | D:4      | Found Varozuq's General Store.
  3275 | D:4      | Found Wowisuuc's Weapon Shop.
  3342 | D:4      | Reached XP level 5. HP: 30/38 MP: 9/9
  3458 | D:4      | Found Alucitra's Book Emporium.
  3508 | D:4      | Found Ezeguh's Assorted Antiques.
  3586 | D:5      | Entered Level 5 of the Dungeon
  3610 | D:5      | Found a staircase to the Ecumenical Temple.
  3631 | Temple   | Entered the Ecumenical Temple
  3739 | D:5      | Reached skill level 1 in Conjurations
  3886 | D:5      | Found Fyegam's Antique Armour Shoppe.
  4090 | D:5      | Got the Tome of Gliding Toxins
  4207 | D:5      | Reached XP level 6. HP: 45/45 MP: 10/10
  4266 | D:5      | Noticed a water moccasin
  4279 | D:5      | Killed a water moccasin
  5153 | D:6      | Found a sand-covered staircase.
  5189 | Ossuary  | Entered an ossuary
  5220 | Ossuary  | Your scales start taking on a glossy black colour.
  5220 | Ossuary  | Reached XP level 7. HP: 48/50 MP: 4/12
  5220 | Ossuary  | Gained mutation: You are resistant to electric shocks.
                  | (rElec) [Black Draconian growth]
  5705 | D:4      | Bought a Trismegistus Codex for 336 gold pieces
  5709 | D:4      | Learned a level 3 spell: Mephitic Cloud
  5879 | D:6      | Reached skill level 1 in Air Magic
  6059 | D:6      | Reached XP level 8. HP: 57/57 MP: 14/14
  6447 | D:7      | Noticed Menkaure
  6449 | D:7      | Killed Menkaure
  6860 | D:7      | Upgraded the game from 0.29-a0-555-g3b24f45cc1 to
                  | 0.29-a0-557-g43b9904bd1
  6872 | D:7      | Reached skill level 5 in Dodging
  6872 | D:7      | Reached skill level 5 in Spellcasting
  7427 | D:7      | Identified a scroll of acquirement
  7427 | D:7      | Acquired the amulet "Tihuli" {RegenMP Harm}
  7440 | D:7      | Gained mutation: You have sharp toenails. [potion of
                  | mutation]
  7440 | D:7      | Gained mutation: You have hidden genetic potential. [potion
                  | of mutation]
  7440 | D:7      | Gained mutation: You do not regenerate when monsters are
                  | visible. [potion of mutation]
  7670 | D:7      | Reached skill level 5 in Air Magic
  7670 | D:7      | Reached XP level 9. HP: 25/62 MP: 12/17
  8321 | D:7      | Gained mutation: Your mind is acute. (Int +2) [hidden
                  | potential]
  8721 | D:8      | Noticed a komodo dragon
  8725 | D:8      | Killed a komodo dragon
  8744 | D:8      | Reached XP level 10. HP: 65/69 MP: 13/20
  8780 | D:8      | Identified the +0 ring mail of Incorporation {rN++}
  8815 | D:8      | Found a staircase to the Lair.
  9022 | D:8      | Reached skill level 5 in Conjurations
  9023 | D:8      | Gained mutation: You possess an exceptional clarity of
                  | mind. [hidden potential]
  9023 | D:8      | Lost mutation: You have hidden genetic potential. [hidden
                  | potential expressed]
  9028 | D:8      | Slain by a killer bee

Illustrated notes

Levels and vault maps discovered:
D:1:      scummos_arrival_gate, layout_basic,
          shapermc_ecumenical_altar_mp_ritualfount
D:2:      minmay_razor_zed, layout_basic, lemuel_flame_loot_1
D:3:      layout_basic, gammafunk_ghost_necromancy, serial_shops,
          nicolae_shop_hallway_stairs
D:4:      layout_rooms, serial_shops, nicolae_diamond_shop,
          nicolae_shop_temple_entry_statues_fountains, nicolae_take_the_stairs,
          nicolae_shop_temple_entry_statues_fountains, dk_noncrumbling_2,
          minmay_mini_ossuary
D:5:      layout_layer_cave, minmay_temple_entry_offerings, serial_shops,
          nicolae_shop_behind_doors, minmay_misc_feat_pillars
D:6:      layout_loops_ring, nicolae_ossuary_entry_ruins,
          kennysheep_generic_room_10
D:7:      lemuel_ratsnest, layout_loops_cross, uniq_menkaure
D:8:      layout_gridville, due_lair_maze_entry_diamond
Temple:   grunt_wide_crystal_templ

Skill      XL: |  1  2  3  4  5  6  7  8  9 10 |
---------------+-------------------------------+-----
Stealth        | 2 3 4 |  4.0
Dodging        | 2 3 4 5 7 |  7.0
Transmutations | 2 3 |  3.6
Conjurations   | 1 2 3 4 5 |  5.0
Spellcasting   | 3 4 5 7 |  7.6
Earth Magic    | 4 3 4 |  4.0
Air Magic      | 1 5 7 |  7.4

Action                   |  1- 3 |  4- 6 |  7- 9 | 10-12 || total
-------------------------+-------+-------+-------+-------++-------
Melee: Unarmed           |    20 |       |       |       ||    20
       Mace              |    54 |       |       |       ||    54
       Tailslap          |    12 |    20 |    35 |    13 ||    80
       Dagger            |    15 |   136 |   267 |    87 ||   505
       Punch             |       |     1 |     2 |     2 ||     5
Throw: Dart              |       |     4 |       |       ||     4
 Cast: Sandblast         |    11 |     3 |    21 |     5 ||    40
       Stone Arrow       |       |     6 |    25 |     2 ||    33
       Passwall          |       |     1 |       |       ||     1
 Abil: Breathe Lightning |       |       |     7 |     2 ||     9
  Use: Scroll            |       |     7 |    12 |       ||    19
       Potion            |       |       |     5 |       ||     5
 Stab: Sleeping          |     2 |     7 |     2 |       ||    11
Armor: Skin              |    49 |    49 |   129 |    79 ||   306
Dodge: Dodged            |    87 |    93 |   166 |   164 ||   510

Table legend: (Time is in decaauts)
 A = Elapsed time spent in this place.
 B = Non-inter-level travel time spent in this place.
 C = Inter-level travel time spent in this place.
 D = Time resting spent in this place.
 E = Time spent auto-exploring this place.
 F = Levels seen in this place.
 G = Mean time per level.
                   A        B        C        D        E       F      G
               +--------+--------+--------+--------+--------+-----+--------+
         Total |   9065 |   8684 |    381 |   1399 |   5303 |  10 |  906.5 |
       Dungeon |   8535 |   8166 |    369 |   1237 |   5303 |   8 | 1066.9 |
        Temple |     66 |     54 |     12 |      0 |      0 |   1 |   66.0 |
       Ossuary |    462 |    462 |      0 |    162 |      0 |   1 |  462.0 |
               +--------+--------+--------+--------+--------+-----+--------+

Top non-repeatable levels by time:
     D:7: 2075 daAuts
     D:5: 1344 daAuts
     D:2: 1259 daAuts
     D:6: 926 daAuts
     D:4: 876 daAuts
     D:1: 853 daAuts
     D:3: 680 daAuts
     D:8: 519 daAuts
 Ossuary: 462 daAuts
  Temple: 66 daAuts
